 Dungeon Crawl Stone Soup version 0.21-a0-498-g1b60429 (webtiles) character file.

11158 Megalobster the Cleaver (level 11, -5/148 HPs)
             Began as a Deep Dwarf Fighter on Nov 24, 2017.
             Was a Priest of Makhleb.
             Slain by a death knight
             ... wielding a +0 broad axe
              (6 damage)
             ... on level 11 of the Dungeon.
             The game lasted 00:45:37 (9508 turns).

Megalobster the Cleaver (Deep Dwarf Fighter)        Turns: 9508, Time: 00:45:39

Health: -5/148     AC: 25    Str: 25    XL:     11   Next: 45%
Magic:  12/12      EV:  2    Int: 10    God:    Makhleb [***...]
Gold:   524        SH: 11    Dex: 14    Spells: 10/10 levels left

rFire    . . .     SeeInvis .   a - +1 war axe (drain)
rCold    . . .     Gourm    .   c - +0 shield
rNeg     + + +     Faith    .   (armour currently unavailable)
rPois    +         Spirit   .   (helmet currently unavailable)
rElec    .         Reflect  .   (cloak currently unavailable)
rCorr    +         Harm     .   (gloves currently unavailable)
MR       .....     NoTele   +   (boots currently unavailable)
Stlth    +++.......             D - amulet of rage
HPRegen  0.00/turn              h - ring of resist corrosion
MPRegen  0.13/turn              O - +5 ring of strength

@: tree-form, vulnerable, non-regenerating, slowed, very slow
A: damage resistance, heal wounds, sense surroundings 2, no regeneration
a: Heal Wounds, Minor Destruction, Lesser Servant of Makhleb, Renounce Religion,
Evoke Berserk Rage


You were on level 11 of the Dungeon.
You worshipped Makhleb.
Makhleb was most pleased with you.
You were not hungry.
You were a tree.
You visited 2 branches of the dungeon, and saw 12 of its levels.

You collected 524 gold pieces.

Inventory:

Hand Weapons
 a - a +1 war axe of draining (weapon)
 b - the +4 mace of the Grave {flame, Dex+4}
   (You found it on level 8 of the Dungeon)

   It has been specially enchanted to burn those struck by it, causing extra
   injury to most foes and up to half again as much damage against particularly
   susceptible opponents.
   It affects your dexterity (+4).
Missiles
 z - 15 javelins (quivered)
 S - 9 tomahawks
Armour
 c - a +0 shield (worn)
 d - a +2 ring mail of poison resistance (melded)
 l - a +0 cloak (melded)
 B - the +0 Maxwell's etheric cage (melded) {RegenMP+ *Contam rElec MP+4}
   (You took it off Robin on level 3 of the Dungeon)

   It insulates you from electricity.
   It affects your magic capacity (+4).
   It causes magical contamination when unequipped.
 L - a +0 pair of boots (melded)
Jewellery
 h - a ring of resist corrosion (left branch)
 u - a +6 ring of intelligence
 D - an amulet of rage (around neck)
 O - a +5 ring of strength (right branch)
Wands
 e - a wand of enslavement (13)
 y - a wand of paralysis (23)
 C - a wand of iceblast (26)
 G - a wand of disintegration (7)
 K - a wand of flame (30)
Scrolls
 i - 10 scrolls of remove curse
 j - 2 scrolls of amnesia
 k - 2 scrolls of blinking
 m - a scroll of noise {unknown}
 o - a scroll of immolation
 q - a scroll of enchant armour
 r - 2 scrolls of enchant weapon
 t - 2 scrolls of fog
 w - a scroll of magic mapping {unknown}
 x - a scroll of holy word
 Q - 2 scrolls of fear {unknown}
 R - 3 scrolls of teleportation
 Z - a scroll of summoning {unknown}
Potions
 g - a potion of resistance {unknown}
 n - 4 potions of invisibility
 p - 2 potions of heal wounds
 v - 3 potions of agility
 A - 2 potions of ambrosia
 F - a potion of might
 I - a potion of flight {unknown}
 J - 3 potions of curing
 M - a potion of lignification
 T - a potion of haste
 X - a potion of brilliance {unknown}
Comestibles
 f - 10 bread rations
 s - 7 meat rations
 E - 4 fruits
 H - 10 chunks of flesh


   Skills:
 + Level 6.6 Fighting
 * Level 10.6 Axes
 + Level 8.0 Armour
 * Level 8.2 Dodging
 - Level 4.5 Stealth
 + Level 6.6 Shields
 * Level 8.1 Invocations
 - Level 5.6 Evocations


You had 10 spell levels left.
You didn't know any spells.

Dungeon Overview and Level Annotations

Branches:
Dungeon (11/15)            Temple (1/1) D:6             Orc (0/2) D:9
   Lair: D:8-11

Altars:
Ashenzari
Cheibriados
Dithmenos
Elyvilon
Fedhas
Gozag
Hepliaklqana
Kikubaaqudgha
Makhleb
Nemelex Xobeh
Okawaru
Qazlal
Ru
Sif Muna
Trog
Uskayaw
Vehumet
Wu Jian
Xom
Yredelemnul
Zin
The Shining One
Beogh

Shops:
D:4 *


Innate Abilities, Weirdness & Mutations

You are resistant to damage.
You can heal yourself by infusing magical energy.
You passively map the area around you.
You do not regenerate.


Message History

You slash the death knight!
The death knight reflects your damage back at you!
* * * LOW HITPOINT WARNING * * *
You hit the freezing wraith but do no damage.
The phantasmal warrior hits you!!
* * * LOW HITPOINT WARNING * * *
The freezing wraith closely misses your hellwing.
The freezing wraith completely misses your hellwing.
The death knight hits you with a broad axe!!
* * * LOW HITPOINT WARNING * * *
The death knight hits your hellwing with a broad axe!
Your hellwing completely misses the freezing wraith.
Your hellwing hits the freezing wraith.
You feel much better. The phantasmal warrior hits you!!
* * * LOW HITPOINT WARNING * * *
You block the freezing wraith's attack. The freezing wraith hits you!
* * * LOW HITPOINT WARNING * * *
The freezing wraith drains your vigour!
You feel yourself slow down.
The death knight hits you with a broad axe!
You die...

* * ,......., ,#.# * # ,
...... ,, , #.#.#.# # * *
*,..... , #.#.#.# # * ../#
*######.#<..# # #(.#
#....#.#.#...# * * #.W#
#....#.#.#.### *#W##
#....#.#.#.# # , **
######pW###....#.#.#.###
,,.......4♣W.'....'........
* #######...##....#.#.#.###
#.#.##....#.#.#.# #
#.#..###'##.#.#.# # * * *
#.##.# #%##.#.#.# # , , , ,
..# ..*#.##.#.... # * ,, ,
###*#.##.##.###.# # , +
**.##.##.#,..#,# , , *
.##.##.# ###,*


You could see a death knight, a phantasmal warrior, a freezing wraith, 2 wraiths
and a friendly hellwing.

Vanquished Creatures
  Gastronok (D:8)
  A hydra (D:11)
  A two-headed ogre (D:10)
  An ugly thing (D:11)
  A centaur zombie (D:10)
  The ghost of tidbits the Digger, an amateur GnEE (D:4)
  A troll (D:11)
  A hornet (D:8)
  A hippogriff (D:8)
  A spriggan (D:10)
  5 yaks (D:10)
  A wraith (D:11)
  Eustachio (D:6)
  A wyvern (D:8)
  A sky beast (D:10)
  8 orc warriors
  2 ice beasts
  9 ogres
  A phantom (D:4)
  8 centaurs
  2 big kobolds
  6 bullfrogs
  A water moccasin zombie (D:9)
  4 scorpions
  A water moccasin skeleton (D:4)
  4 howler monkeys
  8 jellies
  4 crimson imps
  A bullfrog zombie (D:5)
  A centaur skeleton (D:11)
  4 hounds
  13 orc priests
  3 iguanas
  2 bullfrog skeletons
  Ijyb (D:3)
  16 orc wizards
  5 worker ants
  Robin (D:3)
  3 gnolls (D:6)
  17 adders
  4 shadow imps
  An ooze (D:1)
  2 adder skeletons (D:6)
  A worm (D:4)
  A dart slug (D:1)
  3 leopard geckos
  49 orcs
  8 giant cockroaches
  15 goblins
  10 hobgoblins
  7 jackals
  39 kobolds
  3 quokkas
  6 bats
  8 frilled lizards
  A jackal skeleton (D:4)
  A quokka skeleton (D:5)
  8 rats
  8 plants (D:8)
319 creatures vanquished.

Vanquished Creatures (collateral kills)
  Urug (D:10)
  2 centaurs (D:11)
  A big kobold (D:10)
  A worker ant (D:10)
  A shadow imp (D:11)
  2 orcs (D:10)
  5 kobolds (D:10)
13 creatures vanquished.

Grand Total: 332 creatures vanquished

Notes
Turn   | Place    | Note
-------+----------+-------------------------------------------
     0 | D:1      | Megalobster the Deep Dwarf Fighter began the quest for the Orb.
     0 | D:1      | Reached XP level 1. HP: 20/20 MP: 1/1
    81 | D:1      | Reached XP level 2. HP: 27/27 MP: 2/2
   785 | D:2      | Reached skill level 3 in Axes
   785 | D:2      | Reached XP level 3. HP: 31/33 MP: 3/3
  1040 | D:2      | Found an ornate altar of the Wu Jian Council.
  1198 | D:2      | Found a hazy altar of Hepliaklqana.
  1496 | D:3      | Noticed Ijyb
  1502 | D:3      | Killed Ijyb
  1502 | D:3      | Reached XP level 4. HP: 37/42 MP: 4/4
  1549 | D:3      | Found a radiant altar of Vehumet.
  1592 | D:3      | Noticed Robin
  1628 | D:3      | Reached skill level 4 in Axes
  1628 | D:3      | Reached XP level 5. HP: 27/49 MP: 5/5
  1631 | D:3      | Killed Robin
  1855 | D:3      | Found a white marble altar of Elyvilon.
  2334 | D:4      | Reached skill level 1 in Evocations
  2372 | D:4      | Noticed an ogre
  2379 | D:4      | Killed an ogre
  2379 | D:4      | Reached XP level 6. HP: 28/57 MP: 7/7
  2410 | D:4      | Found a glowing silver altar of Zin.
  2410 | D:4      | Noticed tidbits's ghost (amateur GnEE)
  2452 | D:4      | Reached skill level 5 in Axes
  2454 | D:4      | Killed tidbits's ghost
  2454 | D:4      | Reached skill level 5 in Armour
  2454 | D:4      | Reached XP level 7. HP: 21/64 MP: 10/10
  2471 | D:4      | Reached skill level 6 in Axes
  2589 | D:4      | Reached skill level 5 in Evocations
  2683 | D:4      | Reached XP level 8. HP: 31/73 MP: 12/12
  2874 | D:4      | Found Affaguji's Serpentskin Sales.
  2946 | D:5      | Entered Level 5 of the Dungeon
  3139 | D:5      | Reached skill level 1 in Dodging
  3139 | D:5      | Reached skill level 1 in Stealth
  3430 | D:5      | Reached skill level 7 in Axes
  3609 | D:5      | Found an iron altar of Okawaru.
  3886 | D:6      | Noticed Eustachio
  4036 | D:6      | Reached skill level 5 in Fighting
  4036 | D:6      | Gained mutation: You passively map the area around you. [Deep Dwarf growth]
  4036 | D:6      | Reached XP level 9. HP: 71/81 MP: 11/11
  4380 | D:6      | Reached skill level 8 in Axes
  4433 | D:6      | Found a staircase to the Ecumenical Temple.
  4442 | Temple   | Entered the Ecumenical Temple
  4487 | Temple   | Became a worshipper of Makhleb the Destroyer
  4808 | D:6      | Killed Eustachio
  4808 | D:6      | Reached skill level 1 in Invocations
  5210 | D:7      | Found an ancient bone altar of Kikubaaqudgha.
  5340 | D:7      | Found a sacrificial altar of Ru.
  5566 | D:7      | Found a shattered altar of Ashenzari.
  5793 | D:7      | Reached * piety under Makhleb
  6056 | D:8      | Noticed Gastronok
  6071 | D:8      | Reached skill level 5 in Dodging
  6081 | D:8      | Killed Gastronok
  6081 | D:8      | Reached skill level 9 in Axes
  6081 | D:8      | Reached skill level 5 in Shields
  6081 | D:8      | Reached XP level 10. HP: 36/91 MP: 11/11
  6211 | D:8      | Reached skill level 5 in Invocations
  6580 | D:8      | Got a polished mace
  6581 | D:8      | Identified the +4 mace of the Grave {flame, Dex+4} (You found it on level 8 of the Dungeon)
  7229 | D:9      | Reached ** piety under Makhleb
  8086 | D:9      | Reached *** piety under Makhleb
  8121 | D:9      | Found a roughly hewn altar of Beogh.
  8121 | D:9      | Found a staircase to the Orcish Mines.
  8537 | D:10     | Entered Level 10 of the Dungeon
  8555 | D:10     | Noticed a two-headed ogre
  8568 | D:10     | Reached skill level 10 in Axes
  8571 | D:10     | Killed a two-headed ogre
  8571 | D:10     | Reached XP level 11. HP: 97/97 MP: 12/12
  8731 | D:10     | Noticed Urug
  8742 | D:10     | Killed Urug
  9048 | D:10     | Reached **** piety under Makhleb
  9451 | D:11     | Noticed an eight-headed hydra
  9477 | D:11     | Killed an eight-headed hydra
  9488 | D:11     | Noticed a red ugly thing
  9493 | D:11     | Noticed a death knight
  9494 | D:11     | Noticed a phantasmal warrior
  9500 | D:11     | Killed a red ugly thing
  9507 | D:11     | HP: 1/148 [death knight/broad axe (19)]
  9508 | D:11     | Slain by a death knight

Vault maps used:
D:1:      sevenhm_arrival_forest_fort_large_4
D:2:      lemuel_doored_altar, marbit_many_paths, patterned_corridor
D:3:      elyvilon_altar_5, vehumet_crystals, first_bread, uniq_ijyb, uniq_robin
D:4:      kennysheep_little_box, guppyfry_shop_venom
D:5:      kennysheep_okawaru_gauntlet
D:6:      lemuel_ice_spiral_2, minmay_temple_entry_large_hall, uniq_eustachio
D:7:      nicolae_overflow_crystal_walls, ashenzari_altar_1,
          lemuel_crystal_altar
D:8:      kennysheep_kobold_camp, uniq_gastronok
D:9:      david_orc_5
D:10:     the_bakery, kennysheep_small_spiral, grunt_ministairs_9,
          corexii_hall_statues_deadend, uniq_urug
D:11:     dpeg_oklobed_lair
Temple:   nicolae_temple_god_jail

Skill      XL: |  1  2  3  4  5  6  7  8  9 10 11 |
---------------+----------------------------------+-----
Axes           | 3 4 5 6 7 9 10 | 10.6
Fighting       | 3 4 5 6 |  6.6
Shields        | 4 5 6 |  6.6
Armour         | 4 5 6 7 8 |  8.0
Evocations     | 2 4 5 |  5.6
Dodging        | 3 6 7 8 |  8.2
Stealth        | 4 |  4.5
Invocations    | 4 6 8 |  8.1

Action                   |  1- 3 |  4- 6 |  7- 9 | 10-12 || total
-------------------------+-------+-------+-------+-------++-------
Melee: War axe           |   117 |   114 |    80 |   174 ||   485
       Hand axe          |       |       |   334 |   181 ||   515
       Mace              |       |       |       |    76 ||    76
Throw: Javelin           |       |     1 |     1 |     4 ||     6
Invok: Minor Destruction |       |       |       |    25 ||    25
       Lesser Servant of |       |       |       |     7 ||     7
 Abil: Heal Wounds       |       |     3 |    14 |     6 ||    23
       Evoke Berserk Rag |       |       |     5 |     3 ||     8
  Use: Potion            |     1 |     5 |     1 |     3 ||    10
       Scroll            |       |       |    13 |     3 ||    16
 Stab: Sleeping          |       |       |     3 |     6 ||     9
  Eat: Chunk             |     2 |     3 |    16 |    10 ||    31
       Fruit             |       |       |     1 |     2 ||     3
       Royal jelly       |       |       |       |     2 ||     2
Armor: Scale mail        |    45 |    53 |    27 |       ||   125
       Skin              |       |    37 |       |     4 ||    41
       Ring mail         |       |       |   100 |   102 ||   202
Dodge: Dodged            |    39 |    30 |   122 |   172 ||   363
Block: Shield            |    59 |    57 |   200 |   174 ||   490

Table legend:
 A = Spawn XP
 B = Non-spawn XP
 C = Spawn XP percentage of total XP
 D = Spawn monster count
 E = Non-spawn monster count
 F = Spawn count percentage of total count
 G = Total turns spent on level
                    A         B        C        D         E        F      G
               +---------+---------+-------+---------+---------+-------+---------
         Total |       0 |   15941 |   0.0 |       0 |     324 |   0.0 |  9508
               +---------+---------+-------+---------+---------+-------+---------
           D:1 |       0 |      38 |   0.0 |       0 |      19 |   0.0 |   727
           D:2 |       0 |      42 |   0.0 |       0 |      17 |   0.0 |   722
           D:3 |       0 |     173 |   0.0 |       0 |      38 |   0.0 |   878
           D:4 |       0 |    1235 |   0.0 |       0 |      35 |   0.0 |   619
           D:5 |       0 |     901 |   0.0 |       0 |      20 |   0.0 |   807
           D:6 |       0 |    1399 |   0.0 |       0 |      34 |   0.0 |  1065
           D:7 |       0 |     448 |   0.0 |       0 |      20 |   0.0 |  1172
           D:8 |       0 |    3521 |   0.0 |       0 |      34 |   0.0 |  1119
           D:9 |       0 |    1855 |   0.0 |       0 |      53 |   0.0 |  1367
          D:10 |       0 |    4248 |   0.0 |       0 |      43 |   0.0 |   755
          D:11 |       0 |    2081 |   0.0 |       0 |      11 |   0.0 |   216
               +---------+---------+-------+---------+---------+-------+---------
